 Dungeon Crawl Stone Soup version 0.21-a0-444-g29a2fec (webtiles) character file.

54878 Beatriz the Swashbuckler (level 14, -3/114 HPs)
             Began as a Demonspawn Abyssal Knight on Nov 17, 2017.
             Was the Champion of Lugonu.
             Slain by a catoblepas (6 damage)
             ... on level 4 of the Lair of Beasts.
             The game lasted 00:43:34 (15144 turns).

Beatriz the Swashbuckler (DsAK)                    Turns: 15144, Time: 00:43:35

Health: -3/114     AC: 11    Str: 23    XL:     14   Next: 36%
Magic:  11/16      EV:  2    Int: 13    God:    Lugonu [******]
Gold:   1240       SH:  0    Dex: 15    Spells: 13/13 levels left

rFire    . . .     SeeInvis .   d - +7 rapier of Ewnikk {drain, Fragile +Fly rPois Stlth+}
rCold    . . .     Gourm    .   y - +0 shield
rNeg     + + +     Faith    .   m - +0 troll leather armour {Purgy}
rPois    ∞         Spirit   .   (helmet restricted)
rElec    .         Reflect  .   T - +2 cloak
rCorr    +         Harm     .   (no gloves)
MR       ++...                  p - +0 pair of boots
Stlth    +.........             r - amulet of regeneration
HPRegen  1.09/turn              k - ring of protection from magic
MPRegen  0.15/turn              D - ring of resist corrosion

@: mighty, petrified, barbed spikes, hasted, very slow
A: horns 2, talons 1, rugged brown scales 1, agile 1, blurry vision 2, powered
by death 2, powered by pain 1, screaming 1, wild magic 1, MP-powered wands
a: Depart the Abyss, Bend Space, Banish, Corrupt, Enter the Abyss, Brand Weapon
With Distortion, Renounce Religion, Evoke Flight


You were on level 4 of the Lair of Beasts.
You worshipped Lugonu.
Lugonu was exalted by your worship.
You were not hungry.

You visited 4 branches of the dungeon, and saw 21 of its levels.
You visited the Abyss 1 time.
You also visited: Sewer.

You collected 1372 gold pieces.
You spent 132 gold pieces at shops.

Inventory:

Hand Weapons
 d - the +7 rapier of Ewnikk (weapon) {drain, Fragile +Fly rPois Stlth+}
   (You found it on level 2 of the Abyss)

   A truly terrible weapon, it drains the life of those it strikes.
   It protects you from poison.
   It lets you fly.
   It will be destroyed if unequipped.
   It makes you more stealthy.
Armour
 m - a +0 troll leather armour (worn) {Purgy}
 p - a +0 pair of boots (worn)
 y - a +0 shield (worn)
 K - the +3 scale mail of the Several Eyes {rF+ rC++ MP+9 Dex-2}
   (You found it on level 8 of the Dungeon)

   It affects your dexterity (-2).
   It protects you from fire.
   It greatly protects you from cold.
   It affects your magic capacity (+9).
 T - a +2 cloak (worn)
Jewellery
 k - a ring of protection from magic (left hand)
 r - an amulet of regeneration (around neck)
 D - a ring of resist corrosion (right hand)
 V - an uncursed amulet of magic regeneration {unknown}
 W - a +2 ring of protection {unknown}
Wands
 f - a wand of polymorph (4/24)
 A - a wand of disintegration (4/24)
 H - a wand of disintegration (11/24)
 J - a wand of random effects (17/48)
 P - a wand of random effects (32/48)
 Q - a wand of paralysis (6/24)
 S - a wand of iceblast (5/15)
 U - a wand of enslavement (5/24)
 X - a wand of lightning (10/15)
 Y - a wand of enslavement (7/24)
 Z - a wand of digging (13/24)
Scrolls
 g - 7 scrolls of recharging
 i - 7 scrolls of fear
 j - 9 scrolls of remove curse
 l - 2 scrolls of identify
 q - 10 scrolls of teleportation
 t - 3 scrolls of blinking
 v - 3 scrolls of enchant weapon
 z - a scroll of summoning {unknown}
 C - 3 scrolls of magic mapping
 I - a scroll of fog {unknown}
 L - 4 scrolls of amnesia
Potions
 e - 2 potions of lignification
 h - 7 potions of brilliance
 o - 2 potions of magic
 u - 5 potions of flight
 w - 2 potions of cancellation
 x - a potion of agility
 E - a potion of might {unknown}
 G - 3 potions of degeneration {unknown}
 M - 3 potions of resistance {unknown}
Comestibles
 b - 11 meat rations
 c - 10 bread rations
 n - 6 royal jellies
 s - 10 fruits


   Skills:
 + Level 10.4 Fighting
 * Level 15.3 Short Blades
   Level 1.7 Axes
 * Level 9.6 Armour
 + Level 8.6 Dodging
 + Level 7.2 Shields
 + Level 3.8 Invocations
 + Level 0.7 Evocations


You had 13 spell levels left.
You didn't know any spells.

Dungeon Overview and Level Annotations

Branches:
Dungeon (15/15)            Temple (0/1) D:4            Lair (4/6) D:11
    Orc (1/2) D:10         Vaults (0/5) D:14         Depths (1/5) D:15
  Swamp: Lair:2-4    Shoals: Lair:2-4     Snake: Lair:2-4    Spider: Lair:2-4

Altars:
Ashenzari
Dithmenos
Fedhas
Gozag
Makhleb
Nemelex Xobeh
Qazlal
Sif Muna
Vehumet

Shops:
D:8 [   D:12 *


Innate Abilities, Weirdness & Mutations

You have a pair of horns on your head.
You are partially covered in rugged brown scales. (AC +1, +3% HP)
You regenerate health from kills.
You sometimes gain a little power by taking damage.
You have sharp toenails.
You are agile. (Dex +2)
Scrolls take you longer to read.
You occasionally shout uncontrollably at your foes.
Your spells are a little harder to cast, but a little more powerful.
You expend magic power (3 MP) to strengthen your wands.


Message History

You are engulfed in calcifying dust.
The catoblepas gores you but does no damage.
The catoblepas completely misses you.
The manticore is engulfed in calcifying dust.
The manticore flicks its tail.
Helpless, you fail to dodge the volley of spikes.
The barbed spikes become lodged in your body.
* * * LOW HITPOINT WARNING * * *
You are engulfed in calcifying dust.
The catoblepas breathes a plume of calcifying dust at you.
The blast of calcifying dust hits you!
* * * LOW HITPOINT WARNING * * *
The catoblepas gores you but does no damage.
The manticore is engulfed in calcifying dust.
You are engulfed in calcifying dust.
The catoblepas gores you!!
* * * LOW HITPOINT WARNING * * *
You focus on the pain.
You feel very mighty all of a sudden. The catoblepas gores you!
You die...

#### #### #...#
##...#
#.?≈≈###≈≈$.#
#.≈.§≈§§..≈.#
#≈..§§...≈# ##
P.##≈.≈@§.≈##..#
......≈YYH.....#
..##≈.≈≈≈.≈##...#
#≈H......≈# ..
#.≈..≈.≈..≈.#
#.[≈≈###≈≈!.#
#...# ##...# ####
####


You could see 2 catoblepae and 2 manticores.

Vanquished Creatures
  Gastronok (D:10)
  Josephine (D:12)
  Erolcha (D:12)
  An ogre mage (D:15)
  4 hydras
  A centaur warrior (D:11)
  The ghost of sokol815 the Cleaver, a journeyman VSMo of Okawaru (D:11)
  A tengu warrior (D:15)
  9 two-headed ogres
  3 death yaks (D:10)
  Nergalle (D:10)
  2 unseen horrors
  3 wizards (D:15)
  A necromancer (D:14)
  An orb spider (shapeshifter) (D:14)
  3 orc sorcerers (D:15)
  The ghost of isock the Slasher, a novice GnWn of Qazlal (D:6)
  2 deep elf magi
  11 ugly things
  6 cyclopes
  2 manticores
  A black mamba (Lair:3)
  2 gargoyles (D:13)
  A centaur zombie (D:15)
  4 centaur skeletons
  6 spiny frogs
  A rime drake (Lair:3)
  5 komodo dragons
  A kobold demonologist (D:14)
  An efreet (D:10)
  A redback zombie (D:14)
  2 trolls (D:14)
  2 hornets
  4 hippogriffs
  12 slime creatures
  A tarantella (shapeshifter) (D:14)
  A shadow (D:14)
  30 yaks
  A spriggan (D:7)
  Grum (D:10)
  A vampire (D:14)
  3 wraiths (D:12)
  Eustachio (D:6)
  2 steam dragons
  2 hungry ghosts
  Menkaure (D:5)
  An acid dragon (D:11)
  A soldier ant (D:13)
  5 water moccasins
  4 porcupines
  The ghost of FrankyJ the Sneak, an amateur SpVM (D:4)
  Purgy (Sewer)
  2 phantoms
  A sky beast (D:11)
  3 orc warriors
  3 ice beasts
  7 ogres
  2 black bears
  An eye of draining (D:14)
  7 wolves
  7 centaurs
  3 big kobolds
  6 crocodiles
  15 bullfrogs
  Blork the orc (D:5)
  2 wyvern zombies
  2 gnoll sergeants (D:5)
  A water moccasin zombie (D:7)
  3 scorpions
  A water moccasin skeleton (D:8)
  7 killer bees
  21 wights
  2 howler monkeys
  2 electric eels (Lair:1)
  4 crimson imps
  A bullfrog zombie (D:12)
  5 jellies
  8 orc priests
  6 hounds
  3 bullfrog skeletons
  9 orc wizards
  Jessica (D:2)
  2 hell rats
  3 iguanas
  8 worker ants
  A killer bee zombie (D:9)
  A worker ant zombie (D:5)
  3 gnolls (D:3)
  2 river rats (D:11)
  15 adders
  5 shadow imps
  3 oozes
  An adder zombie (D:2)
  4 worms
  3 dart slugs
  A leopard gecko (D:10)
  55 orcs
  7 bats
  8 giant cockroaches
  11 goblins
  9 hobgoblins
  2 jackals (D:6)
  18 kobolds
  10 quokkas
  6 ball pythons
  13 frilled lizards
  2 jackal skeletons
  2 leopard gecko skeletons
  3 rats
490 creatures vanquished.

Vanquished Creatures (others)
  6 bushes (D:14)
  A plant (Lair:4)
7 creatures vanquished.

Grand Total: 497 creatures vanquished

Notes
Turn   | Place    | Note
-------+----------+-------------------------------------------
     0 | Abyss:1  | Beatriz the Demonspawn Abyssal Knight began the quest for the Orb.
     0 | Abyss:1  | Reached XP level 1. HP: 18/18 MP: 2/2
    30 | Abyss:2  | Got a smoking rapier
    31 | Abyss:2  | Identified the +7 rapier of Ewnikk {drain, Fragile +Fly rPois Stlth+} (You found it on level 2 of the Abyss)
    67 | D:1      | Escaped the Abyss
   136 | D:1      | Gained mutation: You sometimes gain a little power by taking damage. [demonic ancestry]
   136 | D:1      | Reached XP level 2. HP: 24/24 MP: 3/3
   374 | D:1      | Reached * piety under Lugonu
  1106 | D:2      | Reached skill level 1 in Short Blades
  1106 | D:2      | Reached XP level 3. HP: 27/29 MP: 4/4
  1147 | D:2      | Reached skill level 1 in Dodging
  1175 | D:2      | Gained mutation: You regenerate a little health from kills. [demonic ancestry]
  1175 | D:2      | Reached XP level 4. HP: 31/37 MP: 5/5
  1380 | D:2      | Reached skill level 2 in Short Blades
  1485 | D:2      | Noticed Jessica
  1490 | D:2      | Killed Jessica
  1490 | D:2      | Reached ** piety under Lugonu
  1495 | D:2      | Found a burning altar of Makhleb.
  1720 | D:2      | Found a faded altar of an unknown god.
  1722 | D:2      | Gained mutation: You are partially covered in rugged brown scales. (AC +1, +3% HP) [demonic ancestry]
  1722 | D:2      | Reached XP level 5. HP: 37/43 MP: 6/6
  2035 | D:3      | Found a glowing drain.
  2044 | Sewer    | Entered a sewer
  2084 | Sewer    | Noticed Purgy
  2091 | Sewer    | Killed Purgy
  2091 | Sewer    | Reached skill level 3 in Short Blades
  2091 | Sewer    | Reached XP level 6. HP: 37/49 MP: 7/7
  2261 | D:3      | Reached *** piety under Lugonu
  2691 | D:4      | Reached skill level 4 in Short Blades
  2806 | D:4      | Found a staircase to the Ecumenical Temple.
  2874 | D:4      | Noticed FrankyJ's ghost (amateur SpVM)
  2887 | D:4      | Killed FrankyJ's ghost
  2887 | D:4      | Gained mutation: You have a pair of small horns on your head. [demonic ancestry]
  2887 | D:4      | Reached XP level 7. HP: 54/55 MP: 8/8
  3011 | D:4      | Found a blossoming altar of Fedhas.
  3074 | D:4      | Reached skill level 5 in Short Blades
  3386 | D:4      | Found a deep blue altar of Sif Muna.
  3437 | D:5      | Entered Level 5 of the Dungeon
  3481 | D:5      | Noticed Menkaure
  3482 | D:5      | Noticed Blork the orc
  3484 | D:5      | Killed Menkaure
  3490 | D:5      | Killed Blork the orc
  3490 | D:5      | Reached skill level 6 in Short Blades
  3547 | D:5      | Reached XP level 8. HP: 34/62 MP: 9/9
  3787 | D:5      | Reached skill level 7 in Short Blades
  3799 | D:5      | Reached **** piety under Lugonu
  4464 | D:6      | Reached skill level 5 in Fighting
  4464 | D:6      | Reached skill level 8 in Short Blades
  4646 | D:6      | Noticed isock's ghost (novice GnWn)
  4679 | D:6      | Killed isock's ghost
  4679 | D:6      | Reached XP level 9. HP: 21/70 MP: 9/11
  4770 | D:6      | Reached skill level 1 in Shields
  4812 | D:6      | Noticed a two-headed ogre
  4819 | D:6      | Killed a two-headed ogre
  4819 | D:6      | Reached skill level 9 in Short Blades
  4819 | D:6      | Reached skill level 5 in Armour
  4883 | D:6      | Killed an unseen horror
  5158 | D:6      | Noticed Eustachio
  5177 | D:6      | Killed Eustachio
  5285 | D:7      | Gained mutation: You regenerate health from kills. [demonic ancestry]
  5285 | D:7      | Reached XP level 10. HP: 74/78 MP: 12/12
  5338 | D:7      | Reached skill level 10 in Short Blades
  5566 | D:7      | Reached ***** piety under Lugonu
  5585 | D:7      | Found a shadowy altar of Dithmenos.
  5609 | D:7      | Found an opulent altar of Gozag.
  5611 | D:7      | Found a radiant altar of Vehumet.
  5626 | D:7      | Found a stormy altar of Qazlal.
  5703 | D:7      | Found a sparkling altar of Nemelex Xobeh.
  6008 | D:8      | Found Nymemn's Armour Boutique.
  6297 | D:8      | Found a shattered altar of Ashenzari.
  6540 | D:8      | Got a twisted scale mail
  6551 | D:8      | Identified the +3 scale mail of the Several Eyes {rF+ rC++ MP+9 Dex-2} (You found it on level 8 of the Dungeon)
  6684 | D:9      | Noticed a two-headed ogre
  6694 | D:9      | Killed a two-headed ogre
  6694 | D:9      | Reached skill level 11 in Short Blades
  6989 | D:9      | Noticed a two-headed ogre
  6997 | D:9      | HP: 2/79 [two-headed ogre/giant club (26)]
  7079 | D:9      | Killed a two-headed ogre
  7079 | D:9      | Reached skill level 5 in Dodging
  7079 | D:9      | Reached XP level 11. HP: 81/85 MP: 13/13
  7376 | D:10     | Entered Level 10 of the Dungeon
  7434 | D:10     | Found a staircase to the Orcish Mines.
  7518 | D:10     | Noticed Nergalle
  7534 | D:10     | Noticed Grum
  7544 | D:10     | Killed Nergalle
  7564 | D:10     | Killed Grum
  7617 | D:10     | Gained mutation: Your spells are a little harder to cast, but a little more powerful. [potion of mutation]
  7617 | D:10     | Gained mutation: You have sharp toenails. [potion of mutation]
  7640 | D:10     | Noticed Gastronok
  7656 | D:10     | Killed Gastronok
  7656 | D:10     | Reached skill level 12 in Short Blades
  8179 | Orc:1    | Entered Level 1 of the Orcish Mines
  8221 | D:11     | Noticed a death yak
  8223 | D:11     | Noticed a death yak
  8229 | D:11     | Noticed a death yak
  8354 | D:10     | Killed a death yak
  8373 | D:10     | Killed a death yak
  8382 | D:10     | Killed a death yak
  8446 | D:11     | Noticed a centaur warrior
  8455 | D:11     | Killed a centaur warrior
  8461 | D:11     | Found a staircase to the Lair.
  8532 | D:11     | Noticed sokol815's ghost (journeyman VSMo)
  8544 | D:11     | Killed sokol815's ghost
  8544 | D:11     | Reached XP level 12. HP: 67/93 MP: 14/14
  8552 | D:11     | Reached skill level 5 in Shields
  8601 | D:11     | Noticed a two-headed ogre
  8631 | D:11     | Killed a two-headed ogre
  9064 | D:11     | Reached skill level 13 in Short Blades
  9069 | D:11     | Reached ****** piety under Lugonu
  9078 | D:11     | Found a shadowy altar of Dithmenos.
  9167 | D:11     | Noticed a two-headed ogre
  9179 | D:11     | Killed a two-headed ogre
  9342 | D:12     | Noticed Erolcha
  9350 | D:12     | Killed Erolcha
  9525 | D:12     | Found Coniu's Assorted Antiques.
  9526 | D:12     | Noticed a six-headed hydra
  9541 | D:12     | Killed a six-headed hydra
  9625 | D:12     | Noticed Josephine
  9660 | D:12     | Killed Josephine
  9716 | D:12     | Bought a scroll of identify for 66 gold pieces
  9716 | D:12     | Bought a scroll of identify for 66 gold pieces
 10303 | D:13     | Reached XP level 13. HP: 101/101 MP: 15/15
 10346 | D:13     | Reached skill level 14 in Short Blades
 11087 | D:14     | Gained mutation: Scrolls take you a little longer to read. [mutagenic meat]
 11088 | D:14     | Gained mutation: You are frail. (-10% HP) [mutagenic meat]
 11654 | D:14     | Found a gate to the Vaults.
 11786 | D:15     | Entered Level 15 of the Dungeon
 12390 | D:15     | Gained mutation: Scrolls take you longer to read. [mutagenic meat]
 12391 | D:15     | Gained mutation: You are agile. (Dex +2) [mutagenic meat]
 12392 | D:15     | Lost mutation: Your spells are a little harder to cast, but a little more powerful. [mutagenic meat]
 12394 | D:15     | Gained mutation: Your spells are a little harder to cast, but a little more powerful. [mutagenic meat]
 12395 | D:15     | Gained mutation: You occasionally shout uncontrollably at your foes. [mutagenic meat]
 12397 | D:15     | Gained mutation: You expend magic power (3 MP) to strengthen your wands. [mutagenic meat]
 12525 | D:15     | Found a staircase to the Depths.
 12552 | D:15     | Gained mutation: You have a pair of horns on your head. [demonic ancestry]
 12552 | D:15     | Reached XP level 14. HP: 79/101 MP: 16/16
 12557 | D:15     | Reached skill level 15 in Short Blades
 12558 | D:15     | Reached skill level 10 in Fighting
 12692 | D:15     | Lost mutation: You are frail. (-10% HP) [mutagenic meat]
 12721 | Depths:1 | Entered Level 1 of the Depths
 12841 | Lair:1   | Entered Level 1 of the Lair of Beasts
 15144 | Lair:4   | HP: 3/114 [catoblepas (10)]
 15144 | Lair:4   | Slain by a catoblepas

Vault maps used:
D:1:      nzn_arrival_water_spiral
D:2:      cheibrodos_greedy_goblins, lemuel_crystal_altar,
          chequers_ecumenical_altar_lobes, uniq_jessica
D:3:      cheibrodos_sewer_entry_bend
D:4:      kennysheep_little_box, lemuel_doored_altar, minmay_temple_entry_grid
D:5:      first_bread, hangedman_decor_peaks_small, sword_in_stone,
          uniq_menkaure
D:6:      nrook_uturn, minmay_three_doors, uniq_eustachio
D:7:      grunt_qazlal_clouds, nemelex_altar_shiori,
          grunt_temple_overflow_diamond, minivault_27, the_bakery
D:8:      cheibrodos_ashenzari_chains, serial_shops, shop_statue
D:10:     orc_0_dummy, roderic_three_in_a_row, uniq_grum, uniq_nergalle,
          uniq_gastronok
D:11:     dpeg_lair_monsters, basic_altar
D:12:     serial_shops, shop, uniq_erolcha, uniq_josephine
D:14:     david_vaults_1, serial_park_paths, hangedman_decor_lopped
D:15:     grunt_enter_depths_magical_seal, hangedman_abyss_or_decor_slice
Lair:1:   serial_bayou_lake_a, infiniplex_staircase_pool
Lair:2:   beast_lair_carwin_3, serial_bayou_shore_b
Lair:4:   nzn_motion_control, minmay_shoals_entry_beasts,
          minmay_snake_entry_guardpost_medium, serial_bayou_pond_d, uniq_rupert,
          uniq_urug
Orc:1:    bloody_makhleb
Depths:1: enter_ziggurat_f, hell_entry, serial_glass, glass_columns_a,
          glass_columns_a, glass_columns_a, glass_columns_c, glass_columns_a,
          glass_columns_b, glass_columns_b, glass_columns_a,
          minmay_misc_feat_encased, minmay_misc_feat_room,
          minmay_shop_grid_forest, hangedman_decor_growths, aerie_lemuel,
          uniq_enchantress, uniq_saint_roka
Abyss:1:  lemuel_flamethrower_2
Sewer:    sewer_co_purgy_island

Skill      XL: |  1  2  3  4  5  6  7  8  9 10 11 12 13 14 |
---------------+-------------------------------------------+-----
Armour         | 2 3 4 5 6 7 8 9 |  9.6
Short Blades   | 1 2 3 4 6 8 9 11 12 13 14 15 | 15.3
Dodging        | 1 2 3 4 5 6 7 8 |  8.6
Fighting       | 4 5 6 7 8 9 10 | 10.4
Shields        | 2 3 4 5 6 7 |  7.2
Invocations    | 3 |  3.8
Axes           | |  1.7
Evocations     | |  0.7

Action                   |  1- 3 |  4- 6 |  7- 9 | 10-12 | 13-15 || total
-------------------------+-------+-------+-------+-------+-------++-------
Melee: Rapier            |    45 |   178 |   223 |   770 |   699 ||  1915
       Headbutt          |       |       |    31 |   160 |   174 ||   365
Invok: Depart the Abyss  |     1 |       |       |       |       ||     1
       Bend Space        |       |       |     1 |       |       ||     1
       Banish            |       |       |       |     2 |       ||     2
Evoke: Wand              |       |       |       |     5 |     4 ||     9
  Use: Scroll            |       |    10 |     1 |    10 |       ||    21
       Potion            |       |       |     5 |     8 |     2 ||    15
 Stab: Sleeping          |     5 |     2 |     8 |     6 |     6 ||    27
       Distracted        |       |       |       |     1 |     1 ||     2
  Eat: Chunk             |       |     6 |     8 |    18 |    27 ||    59
       Fruit             |       |       |       |     1 |     1 ||     2
Armor: Leather armour    |     5 |       |       |       |       ||     5
       Ring mail         |     6 |    85 |       |       |       ||    91
       Troll leather arm |       |    22 |    67 |   170 |   108 ||   367
       Skin              |       |       |       |     4 |       ||     4
Dodge: Dodged            |    21 |   134 |   115 |   296 |   243 ||   809
Block: Shield            |       |       |    34 |   274 |   201 ||   509

Table legend:
 A = Spawn XP
 B = Non-spawn XP
 C = Spawn XP percentage of total XP
 D = Spawn monster count
 E = Non-spawn monster count
 F = Spawn count percentage of total count
 G = Total turns spent on level
                    A         B        C        D         E        F      G
               +---------+---------+-------+---------+---------+-------+---------
         Total |       0 |   78398 |   0.0 |       0 |     490 |   0.0 | 15144
               +---------+---------+-------+---------+---------+-------+---------
           D:1 |       0 |      31 |   0.0 |       0 |      14 |   0.0 |   963
           D:2 |       0 |     165 |   0.0 |       0 |      32 |   0.0 |   757
           D:3 |       0 |     161 |   0.0 |       0 |      42 |   0.0 |   737
           D:4 |       0 |     593 |   0.0 |       0 |      21 |   0.0 |   791
           D:5 |       0 |     972 |   0.0 |       0 |      20 |   0.0 |   921
           D:6 |       0 |    3275 |   0.0 |       0 |      33 |   0.0 |   888
           D:7 |       0 |    1050 |   0.0 |       0 |      15 |   0.0 |   582
           D:8 |       0 |    1460 |   0.0 |       0 |      32 |   0.0 |   836
           D:9 |       0 |    3648 |   0.0 |       0 |      32 |   0.0 |   701
          D:10 |       0 |    7662 |   0.0 |       0 |      31 |   0.0 |  1020
          D:11 |       0 |    7218 |   0.0 |       0 |      32 |   0.0 |   959
          D:12 |       0 |   11575 |   0.0 |       0 |      39 |   0.0 |   959
          D:13 |       0 |    3254 |   0.0 |       0 |      24 |   0.0 |   626
          D:14 |       0 |   11313 |   0.0 |       0 |      40 |   0.0 |   919
          D:15 |       0 |   14849 |   0.0 |       0 |      25 |   0.0 |   978
        Lair:1 |       0 |    3643 |   0.0 |       0 |      18 |   0.0 |   782
        Lair:2 |       0 |    2270 |   0.0 |       0 |      12 |   0.0 |   744
        Lair:3 |       0 |    5115 |   0.0 |       0 |      19 |   0.0 |   753
         Sewer |       0 |     144 |   0.0 |       0 |       9 |   0.0 |   133
               +---------+---------+-------+---------+---------+-------+---------
